Montreal Canadiens vs Minnesota North Stars
Created - Saturday, November 16, 2024 at 11:31
Goals
|
| Montreal Canadiens |
0 |
1 |
1 |
2 |
| Minnesota North Stars |
0 |
1 |
0 |
1 |
|
Shots
|
| Montreal Canadiens |
7 |
16 |
10 |
33 |
| Minnesota North Stars |
10 |
14 |
17 |
41 |
|
1st period
No Goal
Penalties :
Dylan Larkin (MTL) for Tripping (Minor) at 4:32, Damon Severson (MTL) for Holding Stick (Minor) at 16:07
2nd period
1. Montreal Canadiens , Dylan Larkin 31 (Juraj Slafkovsky 21) at 1:12
2. Minnesota North Stars , Jack Hughes 22 (Lawson Crouse 14, Brock Nelson 32) at 11:33
Penalties :
No Penalty
3rd period
3. Montreal Canadiens , Vasili Ponomarev 2 (Evgeni Dadonov 2, Rasmus Asplund 2) at 5:19
Penalties :
Damon Severson (MTL) for Cross-checking (Minor) at 8:08, Matt Roy (MNS) for Roughing (Minor) at 11:06, Ryan Nugent-Hopkins (MNS) for Cross-checking (Minor) at 18:48
Goalie Stats
David Rittich (MTL), 40 saves from 41 shots - (0.976), W, 5-11-3, 60:00 minutes
Charlie Lindgren (MNS), 31 saves from 33 shots - (0.939), L, 15-15-2, 59:46 minutes
Players Stats for Montreal Canadiens
Player Name G A P +/- PIM S H SB GA TA FO MP PP MP PK MP
------------------------------------------------------------------------------------
Adam Fox 0 0 0 1 0 1 0 2 0 1 0/0 23:40 1:59 3:38
Alexandre Carrier 0 0 0 1 0 0 0 0 0 0 0/0 16:38 1:11 0:00
Aliaksei Protas 0 0 0 0 0 6 1 1 1 0 0/1 17:55 1:14 2:57
Brady Skjei 0 0 0 -1 0 1 2 2 0 3 0/0 24:53 1:59 3:11
Damon Severson 0 0 0 -1 4 0 3 1 0 0 0/0 19:18 1:11 0:46
Dylan Larkin 1 0 1 0 2 8 0 1 0 0 22/34 20:50 1:56 0:00
Evgeni Dadonov 0 1 1 1 0 0 0 0 0 0 0/0 7:22 0:12 0:16
Fyodor Svechkov 0 0 0 0 0 0 0 0 1 0 4/5 11:20 0:00 0:00
Ilya Lyubushkin 0 0 0 1 0 0 1 1 0 1 0/0 17:27 0:00 1:33
Jack Johnson 0 0 0 1 0 0 0 1 0 3 0/0 18:29 0:00 2:46
Jonatan Berggren 0 0 0 0 0 4 1 0 0 1 1/1 11:20 0:00 0:00
Juraj Slafkovsky 0 1 1 0 0 3 1 0 1 0 1/1 20:14 1:14 0:00
Luke Glendening 0 0 0 0 0 2 3 1 0 1 10/14 16:32 0:00 2:48
Martin Necas 0 0 0 0 0 4 1 0 0 1 0/0 15:35 1:56 0:00
Patrik Laine 0 0 0 0 0 1 0 0 0 0 0/0 21:35 1:44 0:29
Rasmus Asplund 0 1 1 1 0 0 1 1 0 0 0/0 9:11 0:00 2:44
Vasili Ponomarev 1 0 1 1 0 1 0 0 0 0 0/1 6:27 0:00 0:00
Vladislav Namestnikov 0 0 0 0 0 2 1 0 1 0 1/1 15:14 1:14 2:40
Players Stats for Minnesota North Stars
Player Name G A P +/- PIM S H SB GA TA FO MP PP MP PK MP
------------------------------------------------------------------------------------
Brock Nelson 0 1 1 0 0 2 0 0 2 1 0/0 16:44 3:00 0:00
Dylan DeMelo 0 0 0 0 0 1 1 1 0 0 0/0 16:55 0:00 0:00
Evan Rodrigues 0 0 0 0 0 1 0 0 0 1 0/6 9:17 0:00 0:00
Evgeni Malkin 0 0 0 0 0 4 1 0 0 0 6/14 16:30 3:00 0:00
Frank Vatrano 0 0 0 0 0 1 1 0 0 1 0/1 16:25 2:57 0:00
Gustav Forsling 0 0 0 0 0 1 1 0 0 0 0/0 21:32 3:07 1:28
Jack Hughes 1 0 1 0 0 7 0 1 2 0 2/12 16:39 2:57 0:00
Justin Faulk 0 0 0 -1 0 1 1 0 0 0 0/0 21:33 2:50 1:42
Lawson Crouse 0 1 1 0 0 2 3 1 0 0 2/4 15:11 0:00 1:29
Matt Roy 0 0 0 0 2 0 1 2 0 1 0/0 16:54 0:00 0:00
Neal Pionk 0 0 0 0 0 3 3 2 2 0 0/0 21:32 3:07 1:28
Rasmus Dahlin 0 0 0 -1 0 2 1 2 0 0 0/0 21:33 2:50 1:42
Ryan Nugent-Hopkins 0 0 0 -1 2 1 1 0 1 0 1/2 15:19 0:00 0:56
Valeri Nichushkin 0 0 0 0 0 6 0 0 1 0 0/1 18:02 3:00 1:32
Viktor Arvidsson 0 0 0 0 0 2 1 0 1 0 0/0 9:17 0:00 0:00
William Eklund 0 0 0 0 0 1 0 0 0 0 0/0 12:16 2:57 0:09
William Karlsson 0 0 0 -1 0 6 1 0 1 0 7/15 15:53 0:00 1:29
Yegor Sharangovich 0 0 0 -1 0 0 0 2 1 0 1/3 15:16 0:00 0:45
3 Stars
1 - David Rittich (MTL)
2 - Vasili Ponomarev (MTL)
3 - Charlie Lindgren (MNS)
Power Play
Montreal Canadiens - 0 on 2 Attempt(s) - 0.00%
Minnesota North Stars - 0 on 3 Attempt(s) - 0.00%
Penalty Kill
Montreal Canadiens - 3 on 3 Attempt(s) - 100.00%
- Score 0 goal in Penalty Kill
Minnesota North Stars - 2 on 2 Attempt(s) - 100.00%
- Score 0 goal in Penalty Kill
Team Stat
Montreal Canadiens - Hits : 15 - Faceoff Wins : 39 - Blocked Shots : 11 - Penalty Minutes : 6
Minnesota North Stars - Hits : 16 - Faceoff Wins : 19 - Blocked Shots : 11 - Penalty Minutes : 4
Official
Referees : Beaudry Halkidis and Trevor Hanson
Linesman : Ryan Galloway and Bryan Pancich
Game Notes
No Game Note
Finance
Level 1 -- Attendance: 4558 (75.97%) -- Ticket Income $455,800
Level 2 -- Attendance: 3660 (73.20%) -- Ticket Income $219,600
Level 3 -- Attendance: 2191 (73.03%) -- Ticket Income $76,685
Level 4 -- Attendance: 3450 (69.00%) -- Ticket Income $86,250
Luxury Box -- Attendance: 690 (69.00%) -- Ticket Income $138,000
Game was played at the Met Center.
Total Attendance: 14549 (72.75%)
Total Ticket Income: $976,335
Other Income: $341,717
Total Income: $1,318,052
Montreal Canadiens
5 vs 5 Forward
Center Left Wing Right Wing Time % Phy DF OF
1 Dylan Larkin Juraj Slafkovsky Patrik Laine 40 1 2 2
2 Luke Glendening Aliaksei Protas Martin Necas 30 1 2 2
3 Fyodor Svechkov Vladislav Namestnikov Jonatan Berggren 20 1 2 2
4 Vasili Ponomarev Rasmus Asplund Evgeni Dadonov 10 1 2 2
5 vs 5 Defense
Defense Defense Time % Phy DF OF
1 Damon Severson Brady Skjei 35 1 4 0
2 Adam Fox Jack Johnson 30 1 4 0
3 Alexandre Carrier Ilya Lyubushkin 25 1 4 0
4 Adam Fox Brady Skjei 10 1 4 0
PowerPlay Forward
Center Left Wing Right Wing Time % Phy DF OF
1 Dylan Larkin Patrik Laine Martin Necas 60 0 0 5
2 Vladislav Namestnikov Aliaksei Protas Juraj Slafkovsky 40 0 0 5
PowerPlay Defense
Defense Defense Time % Phy DF OF
1 Adam Fox Brady Skjei 60 0 0 5
2 Alexandre Carrier Damon Severson 40 0 0 5
Penalty Kill 4 Players Forward
Center Wing Time % Phy DF OF
1 Luke Glendening Aliaksei Protas 50 0 5 0
2 Vladislav Namestnikov Rasmus Asplund 50 0 5 0
Penalty Kill 4 Players Defense
Defense Defense Time % Phy DF OF
1 Adam Fox Brady Skjei 50 0 5 0
2 Damon Severson Jack Johnson 50 0 5 0
Penalty Kill - 3 Players Forward
Forward Time % Phy DF OF
1 Luke Glendening 50 0 5 0
2 Vladislav Namestnikov 50 0 5 0
Penalty Kill - 3 Players Defense
Defense Defense Time % Phy DF OF
1 Adam Fox Brady Skjei 50 0 5 0
2 Damon Severson Jack Johnson 50 0 5 0
4 vs 4 Forward
Center Wing Time % Phy DF OF
1 Dylan Larkin Patrik Laine 50 1 2 2
2 Fyodor Svechkov Juraj Slafkovsky 50 1 2 2
4 vs 4 Defense
Defense Defense Time % Phy DF OF
1 Adam Fox Brady Skjei 50 1 2 2
2 Damon Severson Jack Johnson 50 1 2 2
Last Minutes Offensive
Center Left Wing Right Wing Defense Defense
Dylan Larkin Juraj Slafkovsky Martin Necas Adam Fox Brady Skjei
Last Minutes Defensive
Center Left Wing Right Wing Defense Defense
Dylan Larkin Luke Glendening Vladislav Namestnikov Adam Fox Brady Skjei
Goaltenders
Starting : David Rittich
Backup : Olivier Rodrigue
Extra Forwards
Normal : Juraj Slafkovsky, Dylan Larkin, Patrik Laine - PP : Martin Necas, Patrik Laine - PK : Vladislav Namestnikov
Extra Defensemen
Normal : Adam Fox, Brady Skjei, Damon Severson - PP : Adam Fox - PK : Adam Fox, Brady Skjei
Penalty Shots
Patrik Laine, Vasili Ponomarev, Martin Necas, Juraj Slafkovsky, Dylan Larkin
Scratches
Jake Evans (Left Leg Injury)
Minnesota North Stars
5 vs 5 Forward
Center Left Wing Right Wing Time % Phy DF OF
1 Evgeni Malkin Valeri Nichushkin Frank Vatrano 28 0 0 5
2 Jack Hughes Brock Nelson Lawson Crouse 28 0 0 5
3 William Karlsson Ryan Nugent-Hopkins Yegor Sharangovich 28 0 1 4
4 Evan Rodrigues William Eklund Viktor Arvidsson 16 0 1 4
5 vs 5 Defense
Defense Defense Time % Phy DF OF
1 Rasmus Dahlin Justin Faulk 34 0 4 1
2 Neal Pionk Gustav Forsling 33 0 4 1
3 Dylan DeMelo Matt Roy 33 0 4 1
4 Rasmus Dahlin Justin Faulk 0 1 2 2
PowerPlay Forward
Center Left Wing Right Wing Time % Phy DF OF
1 Jack Hughes William Eklund Frank Vatrano 50 0 0 5
2 Evgeni Malkin Brock Nelson Valeri Nichushkin 50 0 0 5
PowerPlay Defense
Defense Defense Time % Phy DF OF
1 Rasmus Dahlin Justin Faulk 50 0 1 4
2 Neal Pionk Gustav Forsling 50 0 1 4
Penalty Kill 4 Players Forward
Center Wing Time % Phy DF OF
1 William Karlsson Lawson Crouse 50 1 3 1
2 Ryan Nugent-Hopkins Valeri Nichushkin 50 1 3 1
Penalty Kill 4 Players Defense
Defense Defense Time % Phy DF OF
1 Rasmus Dahlin Justin Faulk 50 1 4 0
2 Neal Pionk Gustav Forsling 50 1 4 0
Penalty Kill - 3 Players Forward
Forward Time % Phy DF OF
1 William Karlsson 50 1 3 1
2 Ryan Nugent-Hopkins 50 1 3 1
Penalty Kill - 3 Players Defense
Defense Defense Time % Phy DF OF
1 Rasmus Dahlin Justin Faulk 50 1 4 0
2 Neal Pionk Gustav Forsling 50 1 4 0
4 vs 4 Forward
Center Wing Time % Phy DF OF
1 Jack Hughes Lawson Crouse 50 0 1 4
2 William Karlsson William Eklund 50 0 1 4
4 vs 4 Defense
Defense Defense Time % Phy DF OF
1 Rasmus Dahlin Justin Faulk 50 0 2 3
2 Neal Pionk Gustav Forsling 50 0 2 3
Last Minutes Offensive
Center Left Wing Right Wing Defense Defense
Jack Hughes Valeri Nichushkin Frank Vatrano Rasmus Dahlin Justin Faulk
Last Minutes Defensive
Center Left Wing Right Wing Defense Defense
William Karlsson Valeri Nichushkin Frank Vatrano Gustav Forsling Neal Pionk
Goaltenders
Starting : Charlie Lindgren
Backup : Stuart Skinner
Extra Forwards
Normal : William Eklund, Ryan Nugent-Hopkins, Yegor Sharangovich - PP : William Eklund, Ryan Nugent-Hopkins - PK : Yegor Sharangovich
Extra Defensemen
Normal : Dylan DeMelo, Matt Roy, Neal Pionk - PP : Dylan DeMelo - PK : Matt Roy, Neal Pionk
Penalty Shots
Valeri Nichushkin, Evgeni Malkin, William Karlsson, Jack Hughes, Brock Nelson
Scratches
Jonas Brodin (Healthy), Eeli Tolvanen (Healthy), Roni Hirvonen (Healthy), Oskari Salminen (Healthy)
% Time on Ice - Montreal Canadiens
Lines # - Real PCT - Wanted PCT - Time Play
Normal Forward
1 - 37% - 40% - 18:58
2 - 28% - 30% - 14:08
3 - 22% - 20% - 11:20
4 - 13% - 10% - 6:27
Normal Defense
1 - 33% - 35% - 16:59
2 - 30% - 30% - 15:24
3 - 30% - 25% - 15:27
4 - 6% - 10% - 3:03
PP Forward
1 - 61% - 60% - 1:56
2 - 39% - 40% - 1:14
PP Defense
1 - 63% - 60% - 1:59
2 - 37% - 40% - 1:11
PK Forward
1 - 52% - 50% - 3:05
2 - 48% - 50% - 2:52
PK Defense
1 - 48% - 50% - 2:51
2 - 52% - 50% - 3:06
PK3 Forward
1 - 0% - 50%
2 - 0% - 50%
PK3 Defense
1 - 0% - 50%
2 - 0% - 50%
44 Forward
1 - 0% - 50%
2 - 0% - 50%
44 Defense
1 - 0% - 50%
2 - 0% - 50%
Last Minute Offensive - 0:00
Last Minute Defensive - 0:00
Total
Forward - 60:00
Defense - 60:00
|
% Time on Ice - Minnesota North Stars
Lines # - Real PCT - Wanted PCT - Time Play
Normal Forward
1 - 26% - 28% - 13:28
2 - 27% - 28% - 13:44
3 - 28% - 28% - 14:24
4 - 18% - 16% - 9:17
Normal Defense
1 - 33% - 34% - 16:59
2 - 33% - 33% - 16:57
3 - 33% - 33% - 16:55
4 - 0% - 0% - 0:02
PP Forward
1 - 50% - 50% - 2:57
2 - 50% - 50% - 3:00
PP Defense
1 - 48% - 50% - 2:50
2 - 52% - 50% - 3:07
PK Forward
1 - 52% - 50% - 1:38
2 - 48% - 50% - 1:32
PK Defense
1 - 54% - 50% - 1:42
2 - 46% - 50% - 1:28
PK3 Forward
1 - 0% - 50%
2 - 0% - 50%
PK3 Defense
1 - 0% - 50%
2 - 0% - 50%
44 Forward
1 - 0% - 50%
2 - 0% - 50%
44 Defense
1 - 0% - 50%
2 - 0% - 50%
Last Minute Offensive - 0:00
Last Minute Defensive - 0:00
Total
Forward - 60:00
Defense - 60:00
|
Play-by-Play
1st period
0:01 of 1st period - Dylan Larkin wins face-off versus Evgeni Malkin in neutral zone.
0:58 of 1st period - Jack Johnson is hit by Lawson Crouse and loses puck.
1:27 of 1st period - Snap shot by Jonatan Berggren.
1:27 of 1st period - Stopped by Charlie Lindgren with a rebound.
2:07 of 1st period - Snap shot by Martin Necas.
2:07 of 1st period - Stopped by Charlie Lindgren without a rebound.
2:08 of 1st period - William Karlsson wins face-off versus Aliaksei Protas in Minnesota North Stars zone.
2:08 of 1st period - William Karlsson is hit by Damon Severson.
2:57 of 1st period - Snap shot by Viktor Arvidsson.
2:57 of 1st period - Shot Misses the Net.
3:17 of 1st period - Snap shot by Vasili Ponomarev.
3:17 of 1st period - Shot Misses the Net.
4:00 of 1st period - Snap shot by Valeri Nichushkin.
4:00 of 1st period - Stopped by David Rittich with a rebound.
4:32 of 1st period - Minor Penalty to Dylan Larkin for Tripping.
4:33 of 1st period - Jack Hughes wins face-off versus Luke Glendening in Montreal Canadiens zone.
5:06 of 1st period - Snap shot by Valeri Nichushkin.
5:06 of 1st period - Shot Blocked by Adam Fox.
5:08 of 1st period - Slapshot by Neal Pionk.
5:08 of 1st period - Deflect By Aliaksei Protas.
5:08 of 1st period - Stopped by David Rittich with a rebound.
5:10 of 1st period - Snap shot by Valeri Nichushkin.
5:10 of 1st period - Shot Blocked by Luke Glendening.
5:25 of 1st period - Vladislav Namestnikov is hit by Neal Pionk and loses puck.
6:08 of 1st period - Frank Vatrano is hit by Luke Glendening and loses puck.
6:32 of 1st period - Penalty to Dylan Larkin is over, Dylan Larkin is back on ice.
6:45 of 1st period - Ilya Lyubushkin is hit by Rasmus Dahlin and loses puck.
7:28 of 1st period - Icing by Ilya Lyubushkin.
7:29 of 1st period - Dylan Larkin wins face-off versus Jack Hughes in Montreal Canadiens zone.
8:15 of 1st period - Off-side.
8:16 of 1st period - Luke Glendening wins face-off versus Evan Rodrigues in neutral zone.
8:29 of 1st period - Slapshot by William Eklund.
8:29 of 1st period - Stopped by David Rittich with a rebound.
8:31 of 1st period - Slapshot by Neal Pionk.
8:31 of 1st period - Stopped by David Rittich with a rebound.
8:41 of 1st period - Frank Vatrano is hit by Juraj Slafkovsky and loses puck.
9:06 of 1st period - Slapshot by Jonatan Berggren.
9:06 of 1st period - Stopped by Charlie Lindgren with a rebound.
9:08 of 1st period - Slapshot by Jonatan Berggren.
9:08 of 1st period - Stopped by Charlie Lindgren without a rebound.
9:09 of 1st period - Lawson Crouse wins face-off versus Luke Glendening in Minnesota North Stars zone.
9:16 of 1st period - Wrist shot by Lawson Crouse.
9:16 of 1st period - Shot Misses the Net.
9:24 of 1st period - Wrist shot by Jack Hughes.
9:24 of 1st period - Stopped by David Rittich without a rebound.
9:25 of 1st period - Dylan Larkin wins face-off versus Evgeni Malkin in Montreal Canadiens zone.
9:29 of 1st period - Off-side.
9:30 of 1st period - Evgeni Malkin wins face-off versus Dylan Larkin in neutral zone.
10:30 of 1st period - Wrist shot by Martin Necas.
10:30 of 1st period - Stopped by Charlie Lindgren without a rebound.
10:31 of 1st period - Fyodor Svechkov wins face-off versus Evgeni Malkin in Minnesota North Stars zone.
10:32 of 1st period - Slapshot by Adam Fox.
10:32 of 1st period - Shot Misses the Net.
10:40 of 1st period - Jonatan Berggren is hit by Evgeni Malkin and loses puck.
11:06 of 1st period - Slapshot by William Karlsson.
11:06 of 1st period - Shot Misses the Net.
11:08 of 1st period - Snap shot by William Karlsson.
11:08 of 1st period - Shot Blocked by Aliaksei Protas.
11:20 of 1st period - Snap shot by Evan Rodrigues.
11:20 of 1st period - Stopped by David Rittich without a rebound.
11:21 of 1st period - Dylan Larkin wins face-off versus Evan Rodrigues in Montreal Canadiens zone.
11:28 of 1st period - Matt Roy is hit by Brady Skjei and loses puck.
11:49 of 1st period - Wrist shot by Vladislav Namestnikov.
11:49 of 1st period - Shot Misses the Net.
11:51 of 1st period - Snap shot by Vladislav Namestnikov.
11:51 of 1st period - Shot Misses the Net.
11:53 of 1st period - Snap shot by Vladislav Namestnikov.
11:53 of 1st period - Stopped by Charlie Lindgren without a rebound.
11:54 of 1st period - Luke Glendening wins face-off versus Jack Hughes in Minnesota North Stars zone.
11:57 of 1st period - Wrist shot by Martin Necas.
11:57 of 1st period - Shot Blocked by Jack Hughes.
12:03 of 1st period - Ilya Lyubushkin is hit by Lawson Crouse and loses puck.
12:22 of 1st period - Wrist shot by Ryan Nugent-Hopkins.
12:22 of 1st period - Stopped by David Rittich with a rebound.
12:24 of 1st period - Snap shot by William Karlsson.
12:24 of 1st period - Stopped by David Rittich with a rebound.
12:26 of 1st period - Wrist shot by William Karlsson.
12:26 of 1st period - Stopped by David Rittich with a rebound.
12:28 of 1st period - Slapshot by Rasmus Dahlin.
12:28 of 1st period - Shot Blocked by Dylan Larkin.
14:16 of 1st period - Justin Faulk is hit by Jonatan Berggren and loses puck.
14:33 of 1st period - Wrist shot by Valeri Nichushkin.
14:33 of 1st period - Stopped by David Rittich with a rebound.
15:52 of 1st period - Fyodor Svechkov is hit by Viktor Arvidsson and loses puck.
16:07 of 1st period - Minor Penalty to Damon Severson for Holding Stick.
16:08 of 1st period - Luke Glendening wins face-off versus Evgeni Malkin in Montreal Canadiens zone.
16:19 of 1st period - Slapshot by Aliaksei Protas.
16:19 of 1st period - Stopped by Charlie Lindgren with a rebound.
18:07 of 1st period - Penalty to Damon Severson is over, Damon Severson is back on ice.
18:23 of 1st period - Adam Fox is hit by William Karlsson and loses puck.
18:36 of 1st period - Slapshot by Adam Fox.
18:36 of 1st period - Shot Misses the Net.
18:59 of 1st period - Off-side.
19:00 of 1st period - Evgeni Malkin wins face-off versus Dylan Larkin in neutral zone.
19:42 of 1st period - Snap shot by Aliaksei Protas.
19:42 of 1st period - Shot Blocked by Lawson Crouse.
19:44 of 1st period - Snap shot by Damon Severson.
19:44 of 1st period - Shot Blocked by Neal Pionk.
Goals for this period are 0 for Montreal Canadiens vs 0 for Minnesota North Stars.
Shots for this period are 7 for Montreal Canadiens vs 10 for Minnesota North Stars.
2nd period
0:01 of 2nd period - Dylan Larkin wins face-off versus Frank Vatrano in neutral zone.
0:40 of 2nd period - Wrist shot by Valeri Nichushkin.
0:40 of 2nd period - Stopped by David Rittich without a rebound.
0:41 of 2nd period - Dylan Larkin wins face-off versus Jack Hughes in Montreal Canadiens zone.
0:48 of 2nd period - Wrist shot by Dylan Larkin.
0:48 of 2nd period - Stopped by Charlie Lindgren without a rebound.
0:49 of 2nd period - Dylan Larkin wins face-off versus Jack Hughes in Minnesota North Stars zone.
0:52 of 2nd period - Slapshot by Dylan Larkin.
0:52 of 2nd period - Stopped by Charlie Lindgren without a rebound.
0:53 of 2nd period - Dylan Larkin wins face-off versus Lawson Crouse in Minnesota North Stars zone.
0:58 of 2nd period - Snap shot by Dylan Larkin.
0:58 of 2nd period - Stopped by Charlie Lindgren without a rebound.
0:59 of 2nd period - Dylan Larkin wins face-off versus Lawson Crouse in Minnesota North Stars zone.
1:12 of 2nd period - Wrist shot by Dylan Larkin.
1:12 of 2nd period - Goal by Dylan Larkin - Montreal Canadiens : 1 - Minnesota North Stars : 0.
1:13 of 2nd period - Dylan Larkin wins face-off versus William Karlsson in neutral zone.
1:43 of 2nd period - Rasmus Dahlin is hit by Martin Necas and loses puck.
1:50 of 2nd period - Snap shot by Martin Necas.
1:50 of 2nd period - Stopped by Charlie Lindgren with a rebound.
1:52 of 2nd period - Wrist shot by Luke Glendening.
1:52 of 2nd period - Stopped by Charlie Lindgren without a rebound.
1:53 of 2nd period - Jonatan Berggren wins face-off versus Evgeni Malkin in Minnesota North Stars zone.
2:21 of 2nd period - Slapshot by Patrik Laine.
2:21 of 2nd period - Shot Blocked by Matt Roy.
2:45 of 2nd period - Wrist shot by Jack Hughes.
2:45 of 2nd period - Deflect By Brock Nelson.
2:45 of 2nd period - Shot Blocked by Ilya Lyubushkin.
2:45 of 2nd period - Puck is out of play.
2:46 of 2nd period - Luke Glendening wins face-off versus Jack Hughes in Montreal Canadiens zone.
3:20 of 2nd period - Slapshot by Martin Necas.
3:20 of 2nd period - Deflect By Gustav Forsling.
3:20 of 2nd period - Shot Blocked by Neal Pionk.
3:20 of 2nd period - Puck is out of play.
3:21 of 2nd period - Evgeni Malkin wins face-off versus Dylan Larkin in Minnesota North Stars zone.
3:26 of 2nd period - Slapshot by Justin Faulk.
3:26 of 2nd period - Stopped by David Rittich with a rebound.
3:28 of 2nd period - Snap shot by Valeri Nichushkin.
3:28 of 2nd period - Stopped by David Rittich with a rebound.
3:30 of 2nd period - Snap shot by Frank Vatrano.
3:30 of 2nd period - Stopped by David Rittich with a rebound.
3:56 of 2nd period - Wrist shot by William Eklund.
3:56 of 2nd period - Shot Misses the Net.
3:58 of 2nd period - Slapshot by Dylan DeMelo.
3:58 of 2nd period - Deflect By Patrik Laine.
3:58 of 2nd period - Stopped by David Rittich with a rebound.
4:00 of 2nd period - Wrist shot by Evan Rodrigues.
4:00 of 2nd period - Shot Misses the Net.
4:54 of 2nd period - Wrist shot by Martin Necas.
4:54 of 2nd period - Shot Misses the Net.
5:39 of 2nd period - Aliaksei Protas is hit by Ryan Nugent-Hopkins and loses puck.
7:02 of 2nd period - Off-side.
7:03 of 2nd period - William Karlsson wins face-off versus Dylan Larkin in neutral zone.
7:10 of 2nd period - Wrist shot by Dylan Larkin.
7:10 of 2nd period - Shot Blocked by Dylan DeMelo.
7:12 of 2nd period - Wrist shot by Dylan Larkin.
7:12 of 2nd period - Shot Misses the Net.
7:14 of 2nd period - Slapshot by Ilya Lyubushkin.
7:14 of 2nd period - Shot Blocked by Matt Roy.
7:16 of 2nd period - Snap shot by Patrik Laine.
7:16 of 2nd period - Shot Misses the Net.
7:18 of 2nd period - Slapshot by Juraj Slafkovsky.
7:18 of 2nd period - Stopped by Charlie Lindgren with a rebound.
7:28 of 2nd period - Evgeni Malkin is hit by Luke Glendening.
7:40 of 2nd period - Frank Vatrano is hit by Luke Glendening and loses puck.
9:48 of 2nd period - Slapshot by Jack Hughes.
9:48 of 2nd period - Deflect By Brock Nelson.
9:48 of 2nd period - Shot Misses the Net.
9:48 of 2nd period - Puck is out of play.
9:49 of 2nd period - William Karlsson wins face-off versus Luke Glendening in Montreal Canadiens zone.
9:54 of 2nd period - Wrist shot by Ryan Nugent-Hopkins.
9:54 of 2nd period - Shot Misses the Net.
10:02 of 2nd period - Snap shot by Aliaksei Protas.
10:02 of 2nd period - Stopped by Charlie Lindgren with a rebound.
10:04 of 2nd period - Slapshot by Aliaksei Protas.
10:04 of 2nd period - Stopped by Charlie Lindgren without a rebound.
10:05 of 2nd period - Dylan Larkin wins face-off versus Valeri Nichushkin in Minnesota North Stars zone.
10:38 of 2nd period - Off-side.
10:39 of 2nd period - William Karlsson wins face-off versus Dylan Larkin in neutral zone.
10:52 of 2nd period - Snap shot by William Karlsson.
10:52 of 2nd period - Stopped by David Rittich with a rebound.
10:54 of 2nd period - Snap shot by William Karlsson.
10:54 of 2nd period - Deflect By Yegor Sharangovich.
10:54 of 2nd period - Shot Misses the Net.
10:54 of 2nd period - Puck is out of play.
10:55 of 2nd period - Evgeni Malkin wins face-off versus Luke Glendening in Montreal Canadiens zone.
11:27 of 2nd period - Slapshot by Jack Hughes.
11:27 of 2nd period - Stopped by David Rittich with a rebound.
11:29 of 2nd period - Snap shot by Brock Nelson.
11:29 of 2nd period - Shot Blocked by Damon Severson.
11:31 of 2nd period - Wrist shot by Lawson Crouse.
11:31 of 2nd period - Shot Blocked by Brady Skjei.
11:33 of 2nd period - Wrist shot by Jack Hughes.
11:33 of 2nd period - Goal by Jack Hughes - Montreal Canadiens : 1 - Minnesota North Stars : 1.
11:34 of 2nd period - William Karlsson wins face-off versus Dylan Larkin in neutral zone.
12:01 of 2nd period - Luke Glendening is hit by Lawson Crouse and loses puck.
13:11 of 2nd period - Wrist shot by Dylan Larkin.
13:11 of 2nd period - Shot Misses the Net.
13:37 of 2nd period - Lawson Crouse is hit by Aliaksei Protas and loses puck.
14:04 of 2nd period - Snap shot by Brock Nelson.
14:04 of 2nd period - Shot Blocked by Adam Fox.
14:24 of 2nd period - Snap shot by Brock Nelson.
14:24 of 2nd period - Stopped by David Rittich without a rebound.
14:25 of 2nd period - Evgeni Malkin wins face-off versus Dylan Larkin in Montreal Canadiens zone.
14:32 of 2nd period - Wrist shot by Evgeni Malkin.
14:32 of 2nd period - Stopped by David Rittich without a rebound.
14:33 of 2nd period - Evgeni Malkin wins face-off versus Dylan Larkin in Montreal Canadiens zone.
14:48 of 2nd period - Slapshot by Juraj Slafkovsky.
14:48 of 2nd period - Shot Misses the Net.
15:08 of 2nd period - Wrist shot by Valeri Nichushkin.
15:08 of 2nd period - Shot Blocked by Brady Skjei.
15:10 of 2nd period - Slapshot by Evgeni Malkin.
15:10 of 2nd period - Stopped by David Rittich with a rebound.
15:12 of 2nd period - Snap shot by Valeri Nichushkin.
15:12 of 2nd period - Stopped by David Rittich without a rebound.
15:13 of 2nd period - Fyodor Svechkov wins face-off versus William Karlsson in Montreal Canadiens zone.
15:22 of 2nd period - Snap shot by Jonatan Berggren.
15:22 of 2nd period - Stopped by Charlie Lindgren with a rebound.
15:24 of 2nd period - Snap shot by Vladislav Namestnikov.
15:24 of 2nd period - Shot Misses the Net.
15:26 of 2nd period - Slapshot by Alexandre Carrier.
15:26 of 2nd period - Shot Blocked by Yegor Sharangovich.
15:43 of 2nd period - Snap shot by Martin Necas.
15:43 of 2nd period - Shot Blocked by Rasmus Dahlin.
15:45 of 2nd period - Slapshot by Ilya Lyubushkin.
15:45 of 2nd period - Deflect By Aliaksei Protas.
15:45 of 2nd period - Stopped by Charlie Lindgren without a rebound.
15:46 of 2nd period - Dylan Larkin wins face-off versus Evgeni Malkin in Minnesota North Stars zone.
15:52 of 2nd period - Off-side.
15:53 of 2nd period - Dylan Larkin wins face-off versus Evgeni Malkin in neutral zone.
16:29 of 2nd period - Slapshot by Aliaksei Protas.
16:29 of 2nd period - Stopped by Charlie Lindgren with a rebound.
17:03 of 2nd period - Rasmus Dahlin is hit by Rasmus Asplund and loses puck.
17:28 of 2nd period - Slapshot by Rasmus Dahlin.
17:28 of 2nd period - Stopped by David Rittich without a rebound.
17:29 of 2nd period - Dylan Larkin wins face-off versus Evgeni Malkin in Montreal Canadiens zone.
17:29 of 2nd period - Dylan Larkin is hit by Neal Pionk.
17:57 of 2nd period - Icing by Damon Severson.
17:58 of 2nd period - Luke Glendening wins face-off versus William Karlsson in Montreal Canadiens zone.
18:11 of 2nd period - Wrist shot by Aliaksei Protas.
18:11 of 2nd period - Deflect By Martin Necas.
18:11 of 2nd period - Stopped by Charlie Lindgren with a rebound.
18:13 of 2nd period - Slapshot by Ilya Lyubushkin.
18:13 of 2nd period - Deflect By Aliaksei Protas.
18:13 of 2nd period - Stopped by Charlie Lindgren with a rebound.
18:15 of 2nd period - Snap shot by Luke Glendening.
18:15 of 2nd period - Stopped by Charlie Lindgren with a rebound.
18:17 of 2nd period - Wrist shot by Martin Necas.
18:17 of 2nd period - Deflect By Aliaksei Protas.
18:17 of 2nd period - Shot Misses the Net.
18:17 of 2nd period - Puck is out of play.
18:18 of 2nd period - Dylan Larkin wins face-off versus Jack Hughes in Minnesota North Stars zone.
18:29 of 2nd period - Slapshot by Dylan Larkin.
18:29 of 2nd period - Shot Misses the Net.
18:31 of 2nd period - Snap shot by Patrik Laine.
18:31 of 2nd period - Stopped by Charlie Lindgren without a rebound.
18:32 of 2nd period - William Karlsson wins face-off versus Dylan Larkin in Minnesota North Stars zone.
18:59 of 2nd period - Lawson Crouse is hit by Damon Severson and loses puck.
19:47 of 2nd period - Wrist shot by Ryan Nugent-Hopkins.
19:47 of 2nd period - Deflect By William Karlsson.
19:47 of 2nd period - Stopped by David Rittich without a rebound.
19:48 of 2nd period - William Karlsson wins face-off versus Dylan Larkin in Montreal Canadiens zone.
Goals for this period are 1 for Montreal Canadiens vs 1 for Minnesota North Stars.
Shots for this period are 16 for Montreal Canadiens vs 14 for Minnesota North Stars.
3rd period
0:01 of 3rd period - Dylan Larkin wins face-off versus William Karlsson in neutral zone.
0:53 of 3rd period - Snap shot by Jack Hughes.
0:53 of 3rd period - Stopped by David Rittich without a rebound.
0:54 of 3rd period - Jack Hughes wins face-off versus Dylan Larkin in Montreal Canadiens zone.
1:07 of 3rd period - Wrist shot by Lawson Crouse.
1:07 of 3rd period - Deflect By Jack Hughes.
1:07 of 3rd period - Stopped by David Rittich with a rebound.
1:09 of 3rd period - Wrist shot by Lawson Crouse.
1:09 of 3rd period - Stopped by David Rittich with a rebound.
1:11 of 3rd period - Backhand shot by Gustav Forsling.
1:11 of 3rd period - Shot Misses the Net.
1:29 of 3rd period - Snap shot by Evgeni Malkin.
1:29 of 3rd period - Stopped by David Rittich with a rebound.
1:31 of 3rd period - Wrist shot by Valeri Nichushkin.
1:31 of 3rd period - Stopped by David Rittich with a rebound.
2:06 of 3rd period - Vladislav Namestnikov is hit by Dylan DeMelo and loses puck.
2:35 of 3rd period - Snap shot by Jonatan Berggren.
2:35 of 3rd period - Shot Misses the Net.
2:44 of 3rd period - Icing by Fyodor Svechkov.
2:45 of 3rd period - Fyodor Svechkov wins face-off versus Evan Rodrigues in Montreal Canadiens zone.
2:52 of 3rd period - Wrist shot by Viktor Arvidsson.
2:52 of 3rd period - Stopped by David Rittich without a rebound.
2:53 of 3rd period - Juraj Slafkovsky wins face-off versus William Karlsson in Montreal Canadiens zone.
2:53 of 3rd period - Juraj Slafkovsky is hit by Neal Pionk.
3:09 of 3rd period - Wrist shot by Dylan Larkin.
3:09 of 3rd period - Shot Misses the Net.
3:11 of 3rd period - Snap shot by Dylan Larkin.
3:11 of 3rd period - Shot Blocked by Yegor Sharangovich.
3:13 of 3rd period - Slapshot by Dylan Larkin.
3:13 of 3rd period - Stopped by Charlie Lindgren without a rebound.
3:14 of 3rd period - Luke Glendening wins face-off versus Jack Hughes in Minnesota North Stars zone.
3:15 of 3rd period - Snap shot by Martin Necas.
3:15 of 3rd period - Shot Misses the Net.
3:25 of 3rd period - Wrist shot by Lawson Crouse.
3:25 of 3rd period - Shot Misses the Net.
3:27 of 3rd period - Slapshot by Lawson Crouse.
3:27 of 3rd period - Shot Blocked by Jack Johnson.
3:29 of 3rd period - Slapshot by Lawson Crouse.
3:29 of 3rd period - Stopped by David Rittich with a rebound.
3:31 of 3rd period - Snap shot by Brock Nelson.
3:31 of 3rd period - Shot Misses the Net.
4:07 of 3rd period - Snap shot by Dylan Larkin.
4:07 of 3rd period - Stopped by Charlie Lindgren with a rebound.
4:30 of 3rd period - Wrist shot by Jonatan Berggren.
4:30 of 3rd period - Shot Misses the Net.
4:32 of 3rd period - Snap shot by Vladislav Namestnikov.
4:32 of 3rd period - Stopped by Charlie Lindgren without a rebound.
4:33 of 3rd period - Lawson Crouse wins face-off versus Fyodor Svechkov in Minnesota North Stars zone.
4:38 of 3rd period - Snap shot by Vladislav Namestnikov.
4:38 of 3rd period - Shot Misses the Net.
4:58 of 3rd period - Dylan Larkin is hit by Frank Vatrano and loses puck.
5:19 of 3rd period - Wrist shot by Vasili Ponomarev.
5:19 of 3rd period - Goal by Vasili Ponomarev - Montreal Canadiens : 2 - Minnesota North Stars : 1.
5:20 of 3rd period - Dylan Larkin wins face-off versus William Karlsson in neutral zone.
6:41 of 3rd period - Snap shot by Evgeni Malkin.
6:41 of 3rd period - Stopped by David Rittich with a rebound.
6:43 of 3rd period - Slapshot by Rasmus Dahlin.
6:43 of 3rd period - Stopped by David Rittich without a rebound.
6:44 of 3rd period - Luke Glendening wins face-off versus Jack Hughes in Montreal Canadiens zone.
6:59 of 3rd period - Jack Hughes is hit by Damon Severson and loses puck.
7:10 of 3rd period - Neal Pionk is hit by Brady Skjei and loses puck.
7:34 of 3rd period - Snap shot by Dylan Larkin.
7:34 of 3rd period - Stopped by Charlie Lindgren without a rebound.
7:35 of 3rd period - Dylan Larkin wins face-off versus William Karlsson in Minnesota North Stars zone.
7:40 of 3rd period - Wrist shot by Juraj Slafkovsky.
7:40 of 3rd period - Stopped by Charlie Lindgren with a rebound.
7:46 of 3rd period - Dylan Larkin is hit by Matt Roy and loses puck.
8:05 of 3rd period - Wrist shot by William Karlsson.
8:05 of 3rd period - Stopped by David Rittich without a rebound.
8:06 of 3rd period - Luke Glendening wins face-off versus Evan Rodrigues in Montreal Canadiens zone.
8:08 of 3rd period - Minor Penalty to Damon Severson for Cross-checking.
8:09 of 3rd period - Vladislav Namestnikov wins face-off versus Jack Hughes in Montreal Canadiens zone.
9:25 of 3rd period - Vladislav Namestnikov is hit by Gustav Forsling and loses puck.
10:08 of 3rd period - Penalty to Damon Severson is over, Damon Severson is back on ice.
10:46 of 3rd period - Icing by Jonatan Berggren.
10:47 of 3rd period - Ryan Nugent-Hopkins wins face-off versus Vasili Ponomarev in Montreal Canadiens zone.
11:06 of 3rd period - Minor Penalty to Matt Roy for Roughing.
11:07 of 3rd period - Dylan Larkin wins face-off versus Ryan Nugent-Hopkins in Minnesota North Stars zone.
11:32 of 3rd period - Damon Severson is hit by Justin Faulk and loses puck.
11:43 of 3rd period - Wrist shot by Rasmus Dahlin.
11:43 of 3rd period - Shot Misses the Net.
11:45 of 3rd period - Snap shot by William Karlsson.
11:45 of 3rd period - Shot Misses the Net.
13:06 of 3rd period - Penalty to Matt Roy is over, Matt Roy is back on ice.
13:17 of 3rd period - Slapshot by Viktor Arvidsson.
13:17 of 3rd period - Shot Misses the Net.
13:19 of 3rd period - Snap shot by Neal Pionk.
13:19 of 3rd period - Shot Blocked by Rasmus Asplund.
14:11 of 3rd period - Slapshot by Jack Hughes.
14:11 of 3rd period - Stopped by David Rittich without a rebound.
14:12 of 3rd period - Luke Glendening wins face-off versus Jack Hughes in Montreal Canadiens zone.
14:35 of 3rd period - Viktor Arvidsson is hit by Ilya Lyubushkin and loses puck.
15:18 of 3rd period - Wrist shot by William Karlsson.
15:18 of 3rd period - Stopped by David Rittich with a rebound.
15:38 of 3rd period - Wrist shot by Brock Nelson.
15:38 of 3rd period - Stopped by David Rittich without a rebound.
15:39 of 3rd period - Dylan Larkin wins face-off versus Evan Rodrigues in Montreal Canadiens zone.
15:44 of 3rd period - Snap shot by Juraj Slafkovsky.
15:44 of 3rd period - Stopped by Charlie Lindgren with a rebound.
16:20 of 3rd period - Slapshot by Viktor Arvidsson.
16:20 of 3rd period - Stopped by David Rittich with a rebound.
16:41 of 3rd period - Wrist shot by Patrik Laine.
16:41 of 3rd period - Shot Misses the Net.
16:44 of 3rd period - Icing by Gustav Forsling.
16:45 of 3rd period - Fyodor Svechkov wins face-off versus Evan Rodrigues in Minnesota North Stars zone.
17:13 of 3rd period - Gustav Forsling is hit by Vladislav Namestnikov and loses puck.
17:24 of 3rd period - Slapshot by Neal Pionk.
17:24 of 3rd period - Stopped by David Rittich with a rebound.
17:26 of 3rd period - Slapshot by Gustav Forsling.
17:26 of 3rd period - Stopped by David Rittich without a rebound.
17:27 of 3rd period - Luke Glendening wins face-off versus William Karlsson in Montreal Canadiens zone.
18:21 of 3rd period - Snap shot by Jack Hughes.
18:21 of 3rd period - Stopped by David Rittich with a rebound.
18:35 of 3rd period - Minnesota North Stars, Charlie Lindgren is pulled from the net.
18:48 of 3rd period - Minor Penalty to Ryan Nugent-Hopkins for Cross-checking.
18:49 of 3rd period - Charlie Lindgren from Minnesota North Stars was sent back in the game.
18:49 of 3rd period - Dylan Larkin wins face-off versus Yegor Sharangovich in Minnesota North Stars zone.
19:21 of 3rd period - Slapshot by Adam Fox.
19:21 of 3rd period - Stopped by Charlie Lindgren with a rebound.
19:23 of 3rd period - Slapshot by Brady Skjei.
19:23 of 3rd period - Stopped by Charlie Lindgren without a rebound.
19:24 of 3rd period - John Tortorella call a timeout for Minnesota North Stars.
19:24 of 3rd period - Dylan Larkin wins face-off versus Yegor Sharangovich in Minnesota North Stars zone.
19:29 of 3rd period - Wrist shot by Martin Necas.
19:29 of 3rd period - Shot Misses the Net.
19:31 of 3rd period - Snap shot by Dylan Larkin.
19:31 of 3rd period - Stopped by Charlie Lindgren without a rebound.
19:32 of 3rd period - Yegor Sharangovich wins face-off versus Dylan Larkin in Minnesota North Stars zone.
19:59 of 3rd period - Wrist shot by Juraj Slafkovsky.
19:59 of 3rd period - Shot Blocked by Rasmus Dahlin.
Goals for this period are 1 for Montreal Canadiens vs 0 for Minnesota North Stars.
Shots for this period are 10 for Montreal Canadiens vs 17 for Minnesota North Stars.
Back to the Top